 Dungeon Crawl Stone Soup version 0.31-a0-1589-g8f5e8aebd6 (webtiles) character file.

Game seed: 7236649912848182977

6257 monsoonserge the Summoner (level 10, -1/56 HPs)
             Began as a Tengu Summoner on Jan 5, 2024.
             Was a Believer of Sif Muna.
             Killed by divine providence
             ... invoked by an orc priest
              (12 damage)
             ... on level 10 of the Dungeon on Jan 6, 2024.
             The game lasted 00:44:41 (10009 turns).

monsoonserge the Summoner (Tengu Summoner)         Turns: 10009, Time: 00:44:42

Health: -1/56      AC: 11    Str:  8    XL:     10   Next: 93%
Magic:  26/26      EV: 14    Int: 21    God:    Sif Muna [**....]
Gold:   306        SH:  4    Dex: 14    Spells: 13/17 levels left

rFire   . . .        I - +5 scimitar
rCold   . . .        E - +0 buckler
rNeg    . . .        n - +3 ring mail {Will+}
rPois   .            (helmet restricted)
rElec   .            (no cloak)
rCorr   .            w - +0 pair of gloves
SInv    .            (boots unavailable)
Will    ++...        (no amulet)
Stlth   +            D - ring of magical power
HPRegen 0.29/turn    H - ring of willpower
MPRegen 0.20/turn

%: acrobat
@: unable to call your familiar, flying
A: beak, talons 3, evasive flight, acrobatic
a: Renounce Religion, Channel Magic


You were on level 10 of the Dungeon.
You worshipped Sif Muna.
Sif Muna was pleased with you.
You visited 2 branches of the dungeon, and saw 11 of its levels.

You collected 306 gold pieces.

Inventory:

Hand Weapons
 f - a +4 spear
 y - a +2 dagger of draining
 I - a +5 scimitar (weapon)
Missiles
 k - 9 poisoned darts (quivered)
 F - 5 boomerangs
 G - a curare-tipped dart
Armour
 h - a +1 ring mail of cold resistance
 n - a +3 ring mail of willpower (worn)
 w - a +0 pair of gloves (worn)
 E - a +0 buckler (worn)
Magical Staves
 r - a staff of earth
Jewellery
 D - a ring of magical power (left hand)
 H - a ring of willpower (right hand)
Wands
 x - a wand of digging (3)
 C - a wand of iceblast (25)
 J - a wand of charming (10)
Scrolls
 a - a scroll of enchant armour {unknown}
 d - 4 scrolls of teleportation
 e - 2 scrolls of enchant weapon {unknown}
 g - 4 scrolls of revelation {unknown}
 o - a scroll of silence {unknown}
 s - 3 scrolls of amnesia
 t - a scroll of torment
 u - 4 scrolls of fear {unknown}
 v - 2 scrolls of poison
 K - a scroll of butterflies {unknown}
Potions
 b - 3 potions of magic
 c - a potion of lignification {unknown}
 i - a potion of brilliance
 j - a potion of mutation {unknown}
 l - 3 potions of attraction {unknown}
 m - a potion of enlightenment {unknown}
 p - a potion of invisibility {unknown}
 q - a potion of degeneration {unknown}
 z - a potion of ambrosia {unknown}
 A - a potion of curing
 B - a potion of resistance {unknown}


   Skills:
 + Level 4.0 Fighting
 + Level 4.2 Long Blades
 - Level 6.9 Polearms
 + Level 0.1 Throwing
 * Level 7.5 Armour
 + Level 4.3 Dodging
 - Level 2.0 Stealth
 * Level 2.5 Shields
 + Level 4.3 Spellcasting
 + Level 10.7 Summonings
 - Level 3.0 Fire Magic
 * Level 3.0 Air Magic
 * Level 3.5 Invocations
 + Level 0.1 Evocations


You had 13 spell levels left.
You knew the following spells:

 Your Spells              Type           Power      Damage    Failure   Level
a - Summon Small Mammal   Summ           100%       N/A       1%          1
b - Call Canine Familiar  Summ           49%        N/A       1%          3

Your spell library contained the following spells:

 Spells                   Type           Power      Damage    Failure   Level
 Call Imp                 Summ           98%        N/A       1%          2
 Summon Blazeheart Golem  Fire/Summ      33%        N/A       28%         4
 Summon Lightning Spire   Summ/Air       33%        N/A       28%         4
 Ensorcelled Hibernation  Hex/Ice        8%         N/A       56%         2
 Lesser Beckoning         Tloc           8%         N/A       56%         2
 Frozen Ramparts          Ice            8%         1d2       80%         3
 Fugue of the Fallen      Necr           4%         N/A       80%         3
 Gell's Gravitas          Tloc           4%         N/A       80%         3
 Ozocubu's Armour         Ice            4%         N/A       80%         3
 Teleport Other           Tloc           4%         N/A       80%         3
 Anguish                  Hex/Necr       2%         N/A       99%         4
 Leda's Liquefaction      Alch/Erth      2%         N/A       99%         4
 Manifold Assault         Tloc           4%         N/A       99%         4
 Petrify                  Alch/Erth      4%         N/A       99%         4
 Metabolic Englaciation   Hex/Ice        2%         N/A       100%        5
 Sculpt Simulacrum        Ice/Alch       2%         N/A       100%        6


Dungeon Overview and Level Annotations

Branches:
Dungeon (10/15)            Temple (1/1) D:5
   Lair: D:8-11         Orc: D:9-12

Altars:
Cheibriados
Elyvilon
Fedhas
Gozag
Hepliaklqana
Kikubaaqudgha
Makhleb
Nemelex Xobeh
Okawaru
Qazlal
Ru
Sif Muna
Trog
Uskayaw
Vehumet
Wu Jian
Xom
Yredelemnul
Zin
The Shining One

Annotations:
D:7 exclusion: ice statue, Maurice
D:8 3 runed translucent doors, bungle's ghost, amateur GnDe
D:10 1 runed translucent door


Innate Abilities, Weirdness & Mutations

You have a beak for a mouth.
You have claws for feet.
Your magical flight helps you evade attacks. (EV +4)
You can magically evade attacks while moving or waiting.


Message History

You peck the orc wizard.
The orc wizard is lightly wounded.
Your inugami seems less confused.
Your inugami hits the orc priest but does no damage.
The orc wizard points at you and mumbles some strange words.
The puff of flame hits you!
The orc priest hits your inugami with a +0 mace.
Your inugami dies!
Your inugami disappears in a puff of smoke!
The orc wizard barely misses you.
You hit the orc wizard. Your kick misses the orc wizard.
The orc wizard is moderately wounded.
The orc wizard hits you but does no damage.
The orc priest miscasts a cantrip.
You barely miss the orc wizard. You peck the orc wizard.
The orc wizard is heavily wounded.
The orc wizard completely misses you.
You closely miss the orc wizard. You claw the orc wizard.
The orc wizard is heavily wounded.
The orc wizard barely misses you.
The orc priest begins to cast a cantrip, but forgets the words!
Unknown command.
You slash the orc wizard!
You kill the orc wizard!
Sif Muna accepts your kill.
The orc priest invokes the aid of Beogh against you.
Beogh smites you!
* * * LOW HITPOINT WARNING * * *
The orc priest calls down the wrath of Beogh upon you.
Beogh smites you!
* * * LOW HITPOINT WARNING * * *
The orc priest looks braver for a moment.
You swap places.
Your quokka closely misses the orc priest.
The orc priest hits your quokka with a +0 club.
You feel better.
Your quokka closely misses the orc priest.
The orc priest invokes the aid of Beogh against you.
Beogh smites you!
You die...

....##..............#...####
.....#......................
....................#...###.
....................#...###.
..P.................#.......
....#......................
... #.............#†...###.
######)###########....#
.......oor@r..........##
###################.### #...
#####


You could see 2 orc priests, a friendly quokka (summoned) and a friendly rat
(summoned).

Vanquished Creatures
  A hornet (D:9)
  4 yaks (D:9)
  A warg (D:10)
  2 orc warriors
  2 ice beasts (D:7)
  A black bear (D:5)
  An ogre (D:6)
  2 wolves (D:10)
  3 centaurs
  A kobold brigand (D:7)
  4 bullfrogs
  2 scorpions (D:7)
  3 wights (D:8)
  15 killer bees
  2 howler monkeys (D:8)
  2 hounds (D:6)
  A jelly (D:6)
  10 orc priests
  2 gnoll boudas
  Jessica (D:2)
  2 iguanas
  10 orc wizards
  7 gnolls
  5 adders
  A shadow imp (D:5)
  A white imp (D:6)
  2 ribbon worms (D:3)
  33 orcs
  A ball python (D:1)
  9 endoplasms
  3 giant cockroaches
  2 goblins (D:4)
  4 hobgoblins
  4 jackals (D:2)
  A quokka (D:1)
  2 bats
  2 frilled lizards (D:1)
  4 kobolds
  3 rats
156 creatures vanquished.

Vanquished Creatures (collateral kills)
  Sigmund (D:2)
  A wraith (D:6)
  Eustachio (D:4)
  A yak (D:9)
  The ghost of Azoth the Covered, an amateur DsFi (D:3)
  2 orc warriors
  An ogre (D:4)
  A phantom (D:5)
  A bullfrog (D:3)
  Blork the orc (D:4)
  A scorpion (D:5)
  7 killer bees
  A howler monkey (D:8)
  A bombardier beetle (D:5)
  2 jellies (D:8)
  A gnoll bouda (D:4)
  2 hounds (D:6)
  3 iguanas
  Terence (D:2)
  3 orc wizards
  7 gnolls
  An adder (D:3)
  A white imp (D:7)
  16 orcs
  5 endoplasms
  2 goblins
  A hobgoblin (D:2)
  2 jackals (D:2)
  3 kobolds
  A quokka (D:5)
  A ball python (D:1)
  A frilled lizard (D:1)
  2 rats
76 creatures vanquished.

Grand Total: 232 creatures vanquished

Notes
Turn   | Place    | Note
-------+----------+-------------------------------------------
     0 | D:1      | monsoonserge the Tengu Summoner began the quest for the
                  | Orb.
     0 | D:1      | Reached XP level 1. HP: 10/10 MP: 4/4
     3 | D:1      | Noticed an electric eel
     3 | D:1      | Noticed an electric eel
   211 | D:1      | Reached skill level 5 in Summonings
   232 | D:1      | Reached XP level 2. HP: 13/15 MP: 4/6
   897 | D:2      | Noticed Jessica
   910 | D:2      | Reached skill level 1 in Polearms
   911 | D:2      | Killed Jessica
   912 | D:2      | Reached skill level 1 in Armour
   912 | D:2      | Reached XP level 3. HP: 18/19 MP: 3/7
   920 | D:2      | Learned a level 3 spell: Call Canine Familiar
   968 | D:2      | Noticed Sigmund
   986 | D:2      | Killed Sigmund
   987 | D:2      | Reached skill level 7 in Summonings
   987 | D:2      | Reached XP level 4. HP: 18/24 MP: 4/8
   987 | D:2      | Reached XP level 5. HP: 21/28 MP: 4/9
  1082 | D:2      | Noticed Terence
  1091 | D:2      | Killed Terence
  1092 | D:2      | Reached XP level 6. HP: 16/33 MP: 4/10
  1951 | D:3      | Found a runed translucent door.
  1955 | D:3      | Noticed Azoth's ghost (amateur DsFi)
  2086 | D:3      | Killed Azoth's ghost
  2087 | D:3      | Reached skill level 1 in Fighting
  2087 | D:3      | Reached skill level 8 in Summonings
  2087 | D:3      | Gained mutation: Your magical flight helps you evade
                  | attacks. (EV +4) [Tengu growth]
  2087 | D:3      | Reached XP level 7. HP: 2/38 MP: 7/11
  2262 | D:4      | Noticed Blork the orc
  2277 | D:4      | Killed Blork the orc
  2324 | D:4      | Found a burning altar of Makhleb.
  2619 | D:4      | Noticed Eustachio
  2637 | D:4      | Killed Eustachio
  2740 | D:4      | Reached XP level 8. HP: 43/43 MP: 11/13
  3079 | D:5      | Entered Level 5 of the Dungeon
  3343 | D:5      | Reached skill level 5 in Armour
  3869 | D:5      | Reached skill level 9 in Summonings
  3897 | D:5      | Found a staircase to the Ecumenical Temple.
  3909 | D:5      | Reached skill level 5 in Polearms
  3915 | Temple   | Entered the Ecumenical Temple
  3934 | Temple   | Became a worshipper of Sif Muna the Loreminder
  4624 | D:6      | Reached XP level 9. HP: 14/49 MP: 6/14
  5820 | D:6      | Found an ornate altar of the Wu Jian Council.
  5925 | D:7      | Found a white marble altar of Elyvilon.
  5925 | D:7      | Noticed Maurice
  5936 | D:7      | Reached * piety under Sif Muna
  5954 | D:7      | Reached skill level 10 in Summonings
  5955 | D:7      | Something stole a +2 dagger of venom
  5955 | D:7      | Something stole a throwing net
  5956 | D:7      | Something stole 355 gold
  6384 | D:7      | Reached skill level 1 in Air Magic
  6505 | D:7      | Noticed an ice statue
  6546 | D:7      | Reached skill level 1 in Invocations
  6551 | D:7      | Reached skill level 1 in Fire Magic
  6789 | D:7      | Found a bloodstained altar of Trog.
  7109 | D:8      | Noticed bungle's ghost (amateur GnDe)
  7535 | D:8      | Reached XP level 10. HP: 25/56 MP: 17/17
  7536 | D:8      | Reached skill level 1 in Shields
  7836 | D:8      | Reached ** piety under Sif Muna
  7837 | D:8      | Reached skill level 1 in Long Blades
  7914 | D:8      | Found a runed translucent gate.
  7915 | D:8      | Found a runed translucent gate.
  7916 | D:8      | Found a runed translucent gate.
  8162 | D:9      | Paralysed by a hornet for 2 turns
  8242 | D:9      | Found an iron altar of Okawaru.
  9582 | D:9      | Found an ancient bone altar of Kikubaaqudgha.
  9673 | D:10     | Entered Level 10 of the Dungeon
  9775 | D:10     | Found a runed translucent door.
  9776 | D:10     | Noticed a sixfirhy
 10007 | D:10     | HP: 2/56 [orc priest/divine providence (13)]
 10009 | D:10     | Killed from afar by an orc priest

Illustrated notes

Levels and vault maps discovered:
D:1:      arrival_aquarium_b, layout_loops_ring, serial_bayou_lagoon_b
D:2:      layout_basic, dk_noncrumbling_2, uniq_terence, uniq_sigmund,
          uniq_jessica
D:3:      layout_rooms, ebering_ghost_sewer_d
D:4:      layout_rooms, mainiacjoe_overflow_cross_hatched, uniq_eustachio,
          uniq_blork_the_orc
D:5:      layout_layer_cave, minmay_temple_entry_junction,
          kennysheep_decorative_pillar
D:6:      kennysheep_big_flooded_room, layout_basic, old_standard_altar,
          nicolae_tricolors
D:7:      lemuel_ice_statue, layout_basic, mainiacjoe_overflow_small_starburst,
          trog_book, nrook_campfire, amethyst_killhole, uniq_maurice
D:8:      layout_gridville, gammafunk_ghost_icy
D:9:      layout_loops_ring, okawaru_trees_2, general_overflow_altar,
          hangedman_abyss_or_decor_lesser_grid
D:10:     cheibrodos_shockbox, layout_basic, mainiacjoe_overflow_paths,
          lemuel_coloured_pillars_altar, erik_lair_orcish_takeover,
          feat_on_display
Temple:   eino_temple_water

Skill      XL: |  1  2  3  4  5  6  7  8  9 10 |
---------------+-------------------------------+-----
Summonings     | 5 7 8 9 10 | 10.7
Polearms       | 1 2 3 5 6 |  6.9
Armour         | 1 2 3 4 5 6 7 |  7.5
Fighting       | 1 2 3 4 |  4.0
Spellcasting   | 3 4 |  4.3
Dodging        | 3 4 |  4.3
Air Magic      | 2 3 |  3.0
Invocations    | 1 3 |  3.5
Fire Magic     | 2 3 |  3.0
Shields        | 2 |  2.5
Long Blades    | 4 |  4.2
Throwing       | |  0.1
Stealth        | |  2.0
Evocations     | |  0.1

Action                     |  1- 3 |  4- 6 |  7- 9 | 10-12 || total
---------------------------+-------+-------+-------+-------++-------
  Melee: Spear             |    37 |    59 |   433 |       ||   529
         Kick              |     6 |    14 |   113 |    48 ||   181
         Peck              |     3 |     8 |    71 |    28 ||   110
         Punch             |       |     1 |     3 |       ||     4
         Scimitar          |       |       |    13 |   187 ||   200
  Throw: Dart              |       |       |     6 |     3 ||     9
   Cast: Summon Small Mamm |    19 |    10 |    45 |    14 ||    88
         Call Canine Famil |     1 |     3 |    27 |    14 ||    45
  Evoke: Wand              |       |       |     2 |     1 ||     3
    Use: Potion            |       |     1 |     7 |     2 ||    10
         Scroll            |       |       |     6 |     1 ||     7
   Stab: Distracted        |       |     1 |     2 |     1 ||     4
         Sleeping          |       |       |     1 |       ||     1
 Armour: Ring mail         |    18 |    31 |   240 |   144 ||   433
  Dodge: Dodged            |    20 |    19 |   330 |   200 ||   569
  Block: Buckler           |       |       |    12 |    57 ||    69

Table legend: (Time is in decaauts)
 A = Elapsed time spent in this place.
 B = Non-inter-level travel time spent in this place.
 C = Inter-level travel time spent in this place.
 D = Time resting spent in this place.
 E = Time spent auto-exploring this place.
 F = Levels seen in this place.
 G = Mean time per level.
                   A        B        C        D        E       F      G
               +--------+--------+--------+--------+--------+-----+--------+
         Total |  10045 |   9423 |    622 |   1585 |   4725 |  11 |  913.2 |
       Dungeon |  10007 |   9409 |    598 |   1585 |   4725 |  10 | 1000.7 |
        Temple |     38 |     14 |     24 |      0 |      0 |   1 |   38.0 |
               +--------+--------+--------+--------+--------+-----+--------+

Top non-repeatable levels by time:
     D:6: 1558 daAuts
     D:5: 1515 daAuts
     D:8: 1297 daAuts
     D:9: 1142 daAuts
     D:7: 1054 daAuts
     D:1: 912 daAuts
     D:3: 901 daAuts
     D:4: 669 daAuts
     D:2: 609 daAuts
    D:10: 346 daAuts
  Temple: 38 daAuts
